 Dungeon Crawl Stone Soup version 0.19.1 (webtiles) character file.

110 Gargo the Digger (level 4, 0/24 HPs)
             Began as a Gargoyle Earth Elementalist on Dec 4, 2016.
             Slain by a hobgoblin (1 damage)
             ... on level 2 of the Dungeon on Dec 5, 2016.
             The game lasted 00:12:23 (2687 turns).

Gargo the Digger (Gargoyle Earth Elementalist)      Turns: 2687, Time: 00:12:23

Health: 0/24       AC:  5    Str: 12    XL:     4   Next: 91%
Magic:  5/9        EV: 12    Int: 16    God:
Gold:   86         SH:  0    Dex: 10    Spells: 2 memorised, 6 levels left

rFire  . . .     SeeInvis .     b - 126 stones
rCold  . . .     Gourm    .     c - +0 robe
rNeg   + . .     Faith    .     (no shield)
rPois  ∞         Spirit   .     (no helmet)
rElec  +         Reflect  .     (no cloak)
rCorr  .         Harm     .     (no gloves)
MR     .....                    (no boots)
Stlth  ++........               (no amulet)
                                (no ring)
                                (no ring)

@: no status effects
A: negative energy resistance 1, electricity resistance, unbreathing,
petrification resistance, rot immunity, AC +3
a: no special abilities


You were on level 2 of the Dungeon.
You were not hungry.

You visited 1 branch of the dungeon, and saw 3 of its levels.

You collected 86 gold pieces.

Inventory:

Hand Weapons
 a - a +0 flail
 p - a +0 whip
Missiles
 b - 126 stones (in hand)
 l - 22 poisoned needles
Armour
 c - a +0 robe (worn)
Scrolls
 g - a scroll of teleportation {unknown}
 h - 2 scrolls of remove curse {unknown}
 j - 2 scrolls of magic mapping {unknown}
 o - a scroll of identify {unknown}
Potions
 n - a potion of might {unknown}
Books
 e - a book of Geomancy

   Spells                             Type                      Level
   a - Sandblast                      Earth                        1
   b - Passwall                       Transmutation/Earth          2
   c - Stone Arrow                    Conjuration/Earth            3
   d - Petrify                        Transmutation/Earth          4
   e - Lee's Rapid Deconstruction     Earth                        5
Comestibles
 d - 3 bread rations
 f - a meat ration
 i - a slice of pizza
 k - 15 chunks of flesh
 m - a beef jerky


   Skills:
 - Level 1.5 Dodging
 - Level 2.1 Stealth
 * Level 3.6 Spellcasting
 + Level 1.5 Conjurations
   Level 0.7 Transmutations
 + Level 4.6 Earth Magic


You had 6 spell levels left.
You knew the following spells:

 Your Spells              Type           Power        Failure   Level  Hunger
a - Sandblast             Erth           ###...       2%          1    None
A - Stone Arrow           Conj/Erth      ##....       14%         3    ###....


Dungeon Overview and Level Annotations

Branches:
Dungeon (3/15)

Altars:


Innate Abilities, Weirdness & Mutations

You are resistant to torment.
Your stone body is resilient. (AC +3)
You are immune to poison.
You resist negative energy. (rN+)
You are resistant to electric shocks. (rElec)
You can survive without breathing.
You are immune to petrification.
You are immune to rotting.


Message History

Confirm with . or Enter, or press ? or * to list all spells.
Okay, then.
Casting: Sandblast
Confirm with . or Enter, or press ? or * to list all spells.
Aiming: Sandblast
Press: ? - help, Shift-Dir - straight line, f - orc
Aim: an orc, wielding a flail and wearing a leather armour The rocky blast hits the orc.
You kill the orc!
The hobgoblin hits you but does no damage.
The orc closely misses you.
Casting: Sandblast
Confirm with . or Enter, or press ? or * to list all spells.
Aiming: Sandblast
Press: ? - help, Shift-Dir - straight line, f - orc
Aim: an orc, wielding a flail and wearing a ring mail The rocky blast hits the orc.
The orc hits you with a flail.
* * * LOW HITPOINT WARNING * * *
The hobgoblin hits you.
You die...

###### #....# #....#
#....# #....#
######....########
.....'.)......÷g@##
...###)........)oo#
...# #....######..#
...# #............#
...# #.....######.#
...###.....##...#.##
...#........#......#
...#........###.####
...#.(..........#


You could see 2 orcs and a hobgoblin.

Vanquished Creatures
  4 adders (D:2)
  2 dart slugs
  2 leopard geckos
  11 orcs
  5 bats
  A giant cockroach (D:1)
  6 hobgoblins
  4 jackals (D:1)
  8 kobolds
  3 frilled lizards
  6 goblins
  5 rats
57 creatures vanquished.

Notes
Turn   | Place    | Note
-------+----------+-------------------------------------------
     0 | D:1      | Gargo the Gargoyle Earth Elementalist began the quest for the Orb.
     0 | D:1      | Reached XP level 1. HP: 10/10 MP: 3/3
    79 | D:1      | Reached skill level 4 in Earth Magic
    79 | D:1      | Reached XP level 2. HP: 2/15 MP: 0/5
   874 | D:1      | Reached XP level 3. HP: 15/19 MP: 0/6
   879 | D:1      | Learned a level 3 spell: Stone Arrow
  1572 | D:2      | Reached XP level 4. HP: 24/24 MP: 3/8
  1659 | D:2      | Reached skill level 1 in Conjurations
  2687 | D:2      | HP: 1/24 [orc/flail (3)]
  2687 | D:2      | Slain by a hobgoblin

Skill      XL: |  1  2  3  4 |
---------------+-------------+-----
Earth Magic    | 4 |  4.6
Spellcasting   | 3 |  3.6
Conjurations   | 1 |  1.5
Dodging        | |  1.5
Stealth        | |  2.1
Transmutations | |  0.7

Action                   |  1- 3 |  4- 6 || total
-------------------------+-------+-------++-------
Melee: Unarmed           |    14 |       ||    14
       Whip              |    25 |     2 ||    27
 Cast: Sandblast         |    54 |    48 ||   102
 Stab: Sleeping          |     1 |       ||     1
  Eat: Chunk             |     2 |     4 ||     6
Armor: Robe              |    31 |    31 ||    62
Dodge: Dodged            |    58 |    47 ||   105
